 Dungeon Crawl Stone Soup version 0.30.1-1-g62c8e00024 (webtiles) character file.

Game seed: 7129675704002692144

330676 H0rd4k the Sorcerer (level 21, -3/139 HPs)
             Began as an Octopode Artificer on July 11, 2023.
             Was an Initiate of Gozag.
             Slain by a slime creature (8 damage)
             ... on level 2 of the Pits of Slime on July 14, 2023.
             The game lasted 03:09:43 (72711 turns).

H0rd4k the Sorcerer (Octopode Artificer)           Turns: 72711, Time: 03:09:44

Health: -3/139     AC: 13    Str: 14      XL:     21   Next: 75%
Magic:  0/55       EV: 26    Int: 35 (37) God:    Gozag
Gold:   7305       SH:  0    Dex: 25      Spells: 7/63 levels left

rFire   x . .        k - +6 sling of the Lost Wonders {flame, Str+3}
rCold   + + +        (no shield)
rNeg    . . .        f - +2 hat {Stlth+}
rPois   .            y - amulet of Jeadoc {Spirit rElec rF+ Will-}
rElec   +            q - +4 ring of protection
rCorr   +            E - ring "Walek" {+Blink rC+ rCorr Int+6}
SInv    +            t - ring of see invisible
Will    .....        e - +4 ring of protection
Stlth   ++++         H - +6 ring of intelligence
HPRegen 0.43/turn    c - ring "Cunoph" {Ice Int+3 Dex+4}
MPRegen 0.34/turn    T - ring "Woti" {MP+9 Dex+3}
                     S - ring of Starshine {Drain rElec EV+5 Dex+5}

%: guardian spirit
@: confused, hasted, studying 3 skills, unable to read, very quick
A: almost no armour, amphibious, 8 rings, camouflage 1, gelatinous body 1,
(nimble swimmer 1), tentacles, iridescent scales 1, large bone plates 1, cold
resistance 1, weak 1, heat vulnerability 1, subdued magic 1, inability to read
after injury 2
}: 2/15 runes: serpentine, barnacled
a: Renounce Religion, Evoke Blink, Potion Petition, Call Merchant, Bribe Branch


You were on level 2 of the Pits of Slime.
You worshipped Gozag.
Gozag was greatly pleased with you.
You visited 7 branches of the dungeon, and saw 38 of its levels.
You visited the Abyss 1 time.
You also visited: Bailey and Gauntlet.

You collected 18864 gold pieces.
You spent 2689 gold pieces at shops.
You paid 8870 gold pieces to Gozag.

Inventory:

Hand Weapons
 k - the +6 sling of the Lost Wonders (weapon) {flame, Str+3}
   (You found it on level 2 of the Dungeon)

   Str:       It affects your strength (+3).
 M - the +9 sword of Zonguldrok {reap}
   (You found it in a bailey)
Missiles
 U - 6 curare-tipped darts
Armour
 f - a +2 hat of stealth (worn)
Jewellery
 c - the ring "Cunoph" (on tentacle) {Ice Int+3 Dex+4}
   (You acquired it on level 10 of the Dungeon)

   [ring of ice]

   It enhances your ice magic.
   Int:       It affects your intelligence (+3).
   Dex:       It affects your dexterity (+4).
   rF:        It makes you vulnerable to fire.
   rC:        It protects you from cold.
 d - a ring of protection from fire
 e - a +4 ring of protection (on tentacle)
 h - the amulet of the Four Winds {rN+ Will+++ Clar}
   (You took it off a deep elf elementalist on level 3 of the Elven Halls)

   [amulet of nothing]

   rN:        It protects you from negative energy.
   Clar:      It protects you from confusion, rage, mesmerisation and fear.
   Will:      It greatly increases your willpower.
 p - a ring of protection from cold
 q - a +4 ring of protection (left tentacle)
 t - a ring of see invisible (on tentacle)
 x - a ring of flight
 y - the amulet of Jeadoc (around mantle) {Spirit rElec rF+ Will-}
   (You took it off an orc sorcerer on level 11 of the Dungeon)

   [amulet of guardian spirit]

   It causes incoming damage to be divided between your reserves of health and
   magic.
   rF:        It protects you from fire.
   rElec:     It insulates you from electricity.
   Will:      It decreases your willpower.
 E - the ring "Walek" (right tentacle) {+Blink rC+ rCorr Int+6}
   (You found it on level 4 of the Shoals)

   [ring of intelligence]

   Int:       It affects your intelligence (+6).
   rC:        It protects you from cold.
   +Blink:    It lets you blink.
   rCorr:     It protects you from acid and corrosion.
 H - a +6 ring of intelligence (on tentacle)
 I - the amulet "Qyret" {RegenMP rPois rF+ Dex+3}
   (You took it off a deep elf master archer on level 3 of the Elven Halls)

   [amulet of magic regeneration]

   It increases your rate of magic regeneration.
   Dex:       It affects your dexterity (+3).
   rF:        It protects you from fire.
   rPois:     It protects you from poison.
 S - the ring of Starshine (on tentacle) {Drain rElec EV+5 Dex+5}
   (You acquired it on level 2 of the Lair of Beasts)

   [ring of evasion]

   EV:        It affects your evasion (+5).
   Dex:       It affects your dexterity (+5).
   rElec:     It insulates you from electricity.
   Drain:     It drains your maximum health when unequipped.
 T - the ring "Woti" (on tentacle) {MP+9 Dex+3}
   (You bought it in a shop on level 10 of the Dungeon)

   [ring of magical power]

   Dex:       It affects your dexterity (+3).
   MP:        It affects your magic capacity (+9).
 V - the ring of Guunot {rPois Str+3}
   (You bought it in a shop on level 10 of the Dungeon)

   [ring of poison resistance]

   Str:       It affects your strength (+3).
   rPois:     It protects you from poison.
Wands
 a - a wand of roots (41)
 b - a wand of flame (125)
 z - a wand of mindburst (5)
 A - a wand of polymorph (11)
 D - a wand of acid (2)
 F - a wand of paralysis (49)
 Z - a wand of digging (27)
Scrolls
 g - 4 scrolls of fear
 i - 9 scrolls of teleportation
 j - 2 scrolls of blinking
 o - 14 scrolls of enchant weapon
 v - 16 scrolls of identify
 w - a scroll of silence
 B - a scroll of magic mapping
 C - 2 scrolls of fog
 O - a scroll of brand weapon
 R - 6 scrolls of enchant armour
 W - 4 scrolls of butterflies
Potions
 m - a potion of berserk rage
 r - 6 potions of resistance
 s - 7 potions of magic
 u - 3 potions of cancellation
 G - 5 potions of haste
 J - 16 potions of curing
 L - 4 potions of brilliance
 Q - 3 potions of flight
 Y - a potion of might
Miscellaneous
 n - a phial of floods
 K - a phantom mirror
 P - a lightning rod (4/4)
 X - a piece from Xom's chessboard (15/15)


   Skills:
 - Level 10.9 Fighting
 + Level 2.0 Long Blades
 - Level 1.1 Maces & Flails
 - Level 14.2 Ranged Weapons
 + Level 9.6 Dodging
 + Level 7.0 Stealth
 - Level 0.6 Shields
 + Level 2.6 Unarmed Combat
 * Level 21.9 Spellcasting
 + Level 9.3 Hexes
 * Level 19.4 Summonings
 - Level 5.8 Translocations
 - Level 6.4 Air Magic
 + Level 5.9 Evocations


You had 7 spell levels left.
You knew the following spells:

 Your Spells              Type           Power      Damage    Failure   Level
a - Confusing Touch       Hex            68%        N/A       1%          3
b - Portal Projectile     Hex/Tloc       100%       N/A       1%          3
c - Tukima's Dance        Hex            68%        N/A       1%          3
d - Call Imp              Summ           100%       N/A       0%          2
e - Summon Forest         Summ/Tloc      39%        N/A       1%          5
f - Summon Lightning Spi  Summ/Air       79%        N/A       1%          4
g - Silence               Hex/Air        32%        N/A       1%          5
h - Summon Horrible Thin  Summ           47%        N/A       1%          8
i - Cause Fear            Hex            34%        N/A       1%          4
j - Dragon's Call         Summ           47%        N/A       22%         9
k - Inner Flame           Hex/Fire       53%        N/A       1%          3
l - Malign Gateway        Summ/Tloc      39%        N/A       2%          7

Your spell library contained the following spells:

 Spells                   Type           Power      Damage    Failure   Level
 Summon Small Mammal      Summ           100%       N/A       0%          1
 Apportation              Tloc           100%       N/A       1%          1
 Beastly Appendage        Tmut           58%        N/A       1%          1
 Freeze                   Ice            100%       1d10      1%          1
 Kiss of Death            Conj/Necr      100%       2d13      1%          1
 Magic Dart               Conj           100%       1d8       1%          1
 Necrotise                Necr           100%       1d9       1%          1
 Sting                    Tmut/Pois      100%       1d8       1%          1
 Cigotuvi's Dreadful Rot  Necr/Pois/Air  82%        N/A       1%          2
 Ensorcelled Hibernation  Hex/Ice        100%       N/A       1%          2
 Momentum Strike          Conj/Tloc      90%        3d10      1%          2
 Poisonous Vapours        Pois/Air       94%        N/A       1%          2
 Searing Ray              Conj           58%        2d6       1%          2
 Wereblood                Tmut           29%        N/A       1%          2
 Dazzling Flash           Conj/Hex       100%       N/A       1%          3
 Frozen Ramparts          Ice            88%        1d14      1%          3
 Hailstorm                Conj/Ice       44%        3d10      1%          3
 Ignite Poison            Fire/Tmut/Pois 29%        N/A       1%          3
 Mephitic Cloud           Conj/Pois/Air  41%        N/A       1%          3
 Spider Form              Tmut/Pois      29%        N/A       1%          3
 Vhi's Electric Charge    Tloc/Air       100%       N/A       1%          3
 Volatile Blastmotes      Fire/Tloc      90%        2d17      1%          3
 Anguish                  Hex/Necr       26%        N/A       1%          4
 Fulminant Prism          Conj/Hex       26%        3d14      1%          4
 Iskenderun's Mystic Bla  Conj/Tloc      45%        2d10      1%          4
 Leda's Liquefaction      Hex/Erth       26%        N/A       1%          4
 Passage of Golubria      Tloc           57%        N/A       1%          4
 Metabolic Englaciation   Hex/Ice        34%        N/A       2%          5
 Yara's Violent Unravell  Hex/Tmut       26%        3d11      2%          5
 Arcjolt                  Conj/Air       23%        1d33      4%          5
 Dispel Undead            Necr           29%        3d13      6%          4
 Flame Wave               Conj/Fire      29%        2d9       6%          4
 Olgreb's Toxic Radiance  Pois           29%        N/A       6%          4
 Freezing Cloud           Conj/Ice/Air   29%        6-21      7%          5
 Enfeeble                 Hex            34%        N/A       12%         7
 Agony                    Necr           29%        N/A       17%         5
 Alistair's Intoxication  Tmut/Pois      19%        N/A       17%         5
 Blade Hands              Tmut           14%        N/A       17%         5
 Borgnjor's Vile Clutch   Necr/Erth      14%        N/A       17%         5
 Lee's Rapid Deconstruct  Erth           14%        3d9*      17%         5
 Plasma Beam              Fire/Air       23%        2x1d39    26%         6
 Eringya's Noxious Bog    Tmut/Pois      14%        N/A       71%         6
 Starburst                Conj/Fire      14%        6d6       71%         6
 Statue Form              Tmut/Erth      19%        N/A       71%         6
 Storm Form               Tmut/Air       23%        N/A       83%         7
 Dragon Form              Tmut           14%        N/A       99%         7
 Maxwell's Capacitive Co  Air            29%        ∞         97%         8
 Chain Lightning          Conj/Air       23%        3d31      100%        9
 Fire Storm               Conj/Fire      14%        8d4       100%        9
 Shatter                  Erth           14%        3d14*     100%        9
 Simulacrum               Ice/Necr       Unusable   N/A       N/A         6

Dungeon Overview and Level Annotations

Branches:
Dungeon (15/15)            Temple (0/1) D:5            Lair (5/5) D:10
 Shoals (4/4) Lair:3        Snake (4/4) Lair:3        Slime (5/5) Lair:4
    Orc (2/2) D:10            Elf (3/3) Orc:2        Vaults (0/5) D:14
 Depths (0/4) D:15         Bailey (visited)         Gauntlet (visited)

Altars:
Dithmenos
Elyvilon
Fedhas
Gozag
Kikubaaqudgha
Makhleb
Nemelex Xobeh
Okawaru
Sif Muna
Uskayaw
Xom
Yredelemnul
Jiyva

Shops:
D:3 *   D:8 [   D:10 (!*:*??=   D:15 [([   Orc:2 =*[(   Shoals:3 (   Snake:3 (

Portals:
Hell: Lair:5

Annotations:
D:9 1 transporter, exclusion: 2 downstairs, zacktheperson's ghost, novice TrEE
Lair:3 exclusion: downstairs
Lair:4 exclusion: upstairs
Lair:5 exclusion: upstairs
Shoals:1 exclusion: downstairs
Shoals:2 6 transporters, exclusion: kraken
Shoals:3 exclusion: downstairs
Snake:2 exclusion: downstairs
Snake:3 exclusion: 2 downstairs
Slime:4 exclusion: downstairs
Elf:2 exclusion: downstairs


Innate Abilities, Weirdness & Mutations

You cannot wear most types of armour.
You are amphibious.
You can wear up to eight rings at the same time.
Your skin changes colour to match your surroundings (Stealth+).
Your rubbery body absorbs attacks. (AC +1, EV +1)
((You are camouflaged when in or above water. (Stealth+)))
You have tentacles for arms and can constrict up to eight enemies at once.
You are partially covered in iridescent scales. (AC +2)
You are partially covered in large bone plates. (SH +4)
Your flesh is cold resistant. (rC+)
You are weak. (Str -2)
You are vulnerable to heat. (rF-)
Your spells are a little easier to cast, but a little less powerful.
You sometimes lose the ability to read scrolls when taking damage.


Message History

The large slime creature is distracted by your dazzling golden aura.
The large slime creature quivers.
You clumsily bash the enormous slime creature but do no damage.
You squeeze the enormous slime creature!
The enormous slime creature is lightly wounded.
The slime creature is no longer distracted by gold.
The enormous slime creature hits you!
* * * LOW HITPOINT WARNING * * *
The slime creature hits you but does no damage.
Two slime creatures merge to form a titanic slime creature.
Unknown command.
You clumsily bash the slime creature but do no damage.
Your squeeze misses the slime creature.
The slime creature hits you but does no damage.
Unknown command.
You clumsily bash the large slime creature but do no damage.
The large slime creature is no longer distracted by gold.
You squeeze the large slime creature.
The large slime creature is lightly wounded.
A large slime creature splits.
The slime creature hits you but does no damage.
Two slime creatures merge to form a large slime creature.
You clumsily bash the large slime creature but do no damage.
Your tentacle-slap misses the large slime creature.
The large slime creature is lightly wounded.
A titanic slime creature splits.
Unknown command.
You clumsily bash the slime creature but do no damage.
The slime creature misses you.
The large slime creature completely misses you.
The very large slime creature hits you!!
* * * LOW HITPOINT WARNING * * *
A large slime creature splits.
Unknown command.
A very large slime creature splits.
You clumsily bash the large slime creature but do no damage.
The large slime creature is lightly wounded.
The slime creature hits you!
You die...
Your body crumbles into a pile of gold.

.........## ##..## ##.....#.#
..........#### #....#####.......
#............#####...##.#.......#
......#.......##.#..............#
..............#................##
...............#.............##.#
...>.................##......#...
...............<.................
#.#....#........@J....>..........
.#..........<...JJJ.....>........
.#...............JJ...........#..
...............<........^........
.#.....##.................#......
#.....###.....#..............#...
.....#.#.....#...#...........###.
........#..####.####...#....## ##
.......##### ### #....###...#


You could see 2 large slime creatures and 4 slime creatures.

Vanquished Creatures
  A kraken (Shoals:1)
  4 nagarajas
  2 deep elf demonologists (Elf:3)
  A minotaur (Gauntlet)
  3 merfolk impalers
  2 deep elf death magi (Elf:3)
  2 merfolk javelineers
  A deep elf high priest (Elf:3)
  2 hydras
  2 vault guards (D:14)
  3 merfolk avatars (Shoals:1)
  7 centaur warriors
  A salamander tyrant (Snake:3)
  10 anacondas
  3 ogre magi
  4 merfolk aquamancers
  5 two-headed ogres
  A satyr (Shoals:4)
  A death yak (Shoals:4)
  3 boulder beetles
  10 dancing weapons
  6 naga warriors
  2 orc high priests (Orc:2)
  A tengu warrior (D:11)
  Nergalle (D:10)
  5 shock serpents
  5 naga sharpshooters
  5 deep elf knights
  Sonja (D:13)
  4 skysharks
  Lodul (D:11)
  A sixfirhy (Lair:5)
  A skeletal warrior (D:11)
  11 sea snakes
  3 wizards
  4 deep elf archers
  13 harpies
  A phantasmal warrior (Snake:3)
  A lindwurm (Lair:2)
  8 orc sorcerers
  An oklob plant (Lair:5)
  14 deep elf pyromancers
  3 mana vipers
  4 orc knights
  5 cyclopes
  2 fauns (Shoals:3)
  A shining eye (Gauntlet)
  15 deep elf zephyrmancers
  7 manticores
  4 salamanders
  18 elephants
  13 ugly things
  5 guardian serpents
  21 black mambas
  6 naga magi
  A smoke demon (Lair:5)
  3 merfolk sirens
  Maurice (D:8)
  2 torpor snails
  6 unseen horrors
  10 cane toads
  Psyche (D:8)
  2 water nymphs
  An orange demon (Lair:5)
  2 gargoyles
  5 kobold demonologists
  A yaktaur (Shoals:3)
  An efreet (D:14)
  5 rime drakes (Lair:5)
  2 unseen horror zombies (D:8)
  A freezing wraith (D:13)
  6 komodo dragons
  4 trolls
  A red devil (Lair:5)
  11 merfolk
  Prince Ribbit (D:6)
  A hornet (shapeshifter) (D:13)
  2 meliai (D:14)
  A polar bear (Lair:2)
  2 polar bears (shapeshifter) (D:14)
  2 wind drakes
  2 hornets
  9 snapping turtles
  8 slime creatures
  A dream sheep (Lair:5)
  9 blink frogs
  2 shadows
  A centaur simulacrum (D:15)
  A vampire (D:14)
  13 water elementals
  2 air elementals (Elf:1)
  3 wraiths (D:11)
  4 wyverns
  2 humans (D:14)
  3 nameless horrors
  41 yaks
  A golden eye (Slime:3)
  3 steam dragons
  7 vampire mosquitoes
  4 basilisks
  4 wargs
  4 acid dragons
  10 water moccasins
  20 nagas
  2 hell hounds (Lair:5)
  A floating eye (Gauntlet)
  An ice beast (D:6)
  28 orc warriors
  A black bear (D:6)
  2 sky beasts
  6 boggarts
  A hornet zombie (D:8)
  A wolf (Lair:4)
  2 centaurs
  3 elephant zombies (Lair:4)
  9 ogres
  A phantom (D:8)
  19 kobold brigands
  11 bullfrogs
  A gnoll sergeant (D:12)
  A wyvern zombie (D:8)
  2 scorpions
  23 wights
  18 killer bees
  8 electric eels
  A howler monkey (D:11)
  A crimson imp (D:8)
  3 centaur zombies
  3 jellies
  29 orc priests
  6 hounds
  2 gnoll boudas
  6 iguanas
  3 sleepcaps
  35 orc wizards
  7 hell rats
  15 gnolls
  6 adders
  5 river rats (Lair:3)
  A shadow imp (D:7)
  A white imp (D:8)
  A howler monkey simulacrum (D:11)
  An ufetubus (D:5)
  A worm (D:4)
  6 dart slugs
  84 orcs
  7 endoplasms
  4 giant cockroaches
  18 goblins
  12 hobgoblins
  23 kobolds
  3 quokkas
  7 ball pythons
  4 bats (D:1)
  20 frilled lizards
  3 rats
  2 tentacles
951 creatures vanquished.

Vanquished Creatures (collateral kills)
  Dissolution (Slime:2)
  Jorgrun (Elf:2)
  2 deep elf blademasters (Elf:3)
  4 deep elf master archers (Elf:3)
  2 acid blobs (Slime:4)
  Agnes (Snake:1)
  Polyphemus (Shoals:4)
  Donald (Shoals:4)
  Roxanne (D:14)
  2 rockslimes
  Aizul (Snake:2)
  An azure jelly (Slime:4)
  4 nagarajas
  2 deep elf sorcerers (Elf:3)
  Louise (Elf:1)
  An orc warlord (Orc:2)
  4 deep elf elementalists (Elf:3)
  5 quicksilver oozes
  Azrael (Elf:2)
  2 deep elf demonologists (Elf:3)
  2 deep elf annihilators (Elf:3)
  9 deep elf death magi
  A merfolk impaler (Shoals:3)
  3 merfolk javelineers (Shoals:4)
  2 deep elf high priests (Elf:3)
  A vault guard (D:14)
  A salamander tyrant (Snake:4)
  A great orb of eyes (Slime:1)
  A hydra (Lair:4)
  3 catoblepae
  An alligator snapping turtle (Shoals:3)
  3 merfolk aquamancers (Shoals:4)
  11 anacondas
  2 boulder beetles
  2 tengu warriors
  3 two-headed ogres
  A satyr (Shoals:3)
  A centaur warrior (Shoals:2)
  2 death yaks (Shoals:4)
  6 naga sharpshooters
  18 dancing weapons
  2 orc high priests (Orc:2)
  A shock serpent (Snake:1)
  12 naga warriors
  3 salamander mystics
  8 deep elf knights
  2 skysharks
  12 sea snakes
  The ghost of GeoRichter the Zephyrmancer, a novice DsAE of Cheibriados (D:8)
  7 deep elf archers
  9 naga ritualists
  A glowing orange brain (Slime:4)
  A deep troll (shapeshifter) (Elf:1)
  A lindwurm (Lair:2)
  A wizard (Elf:2)
  3 phantasmal warriors (Snake:3)
  9 harpies
  19 deep elf zephyrmancers
  2 necromancers
  9 mana vipers
  5 orc knights
  24 deep elf pyromancers
  2 orc sorcerers
  3 fauns
  9 salamanders
  A cyclops (D:13)
  4 shining eyes
  8 elephants
  4 ugly things
  6 manticores
  3 merfolk sirens
  5 guardian serpents
  19 black mambas
  An eye of devastation (Slime:2)
  5 water nymphs
  13 naga magi
  A centaur skeleton (D:15)
  3 cane toads
  2 ice devils (Lair:5)
  3 rime drakes
  5 tengu conjurers
  A freezing wraith (D:14)
  2 komodo dragons
  A redback zombie (D:15)
  A spectral naga (Snake:3)
  An efreet (D:14)
  A red devil (Lair:5)
  3 trolls
  A meliai (D:14)
  A meliai (shapeshifter) (D:15)
  3 wind drakes
  17 merfolk
  A blink frog (shapeshifter) (Elf:2)
  14 blink frogs
  7 snapping turtles
  A centaur simulacrum (D:11)
  39 slime creatures
  A shadow (D:11)
  A wraith (D:11)
  6 water elementals
  A wyvern (D:9)
  14 yaks
  2 fire elementals (Elf:2)
  2 basilisks
  9 golden eyes
  4 vampire mosquitoes
  A warg (Orc:2)
  29 nagas
  A water moccasin (Lair:5)
  6 hell hounds
  A floating eye (Slime:4)
  11 orc warriors
  4 ogres
  5 centaurs (D:15)
  4 boggarts (D:15)
  4 wolves (Lair:4)
  5 nameless horrors
  A bullfrog (Lair:4)
  4 earth elementals
  A killer bee (D:8)
  A howler monkey (D:11)
  A basilisk zombie (Lair:4)
  11 orc priests
  3 jellies (D:8)
  7 orc wizards
  2 hell rats (Lair:3)
  A howler monkey zombie (D:8)
  3 river rats (Lair:3)
  27 orcs
608 creatures vanquished.

Vanquished Creatures (others)
  2 eldritch tentacles
  A deep elf pyromancer (Elf:1)
  2 deep elf zephyrmancers
  A nameless horror (Elf:1)
  A vampire (D:8)
  A warg (D:10)
  A wyvern zombie (D:8)
  31 snaplasher vines
  46 tentacles
86 creatures vanquished.

Grand Total: 1645 creatures vanquished

Notes
Turn   | Place    | Note
-------+----------+-------------------------------------------
     0 | D:1      | H0rd4k the Octopode Artificer began the quest for the Orb.
     0 | D:1      | Reached XP level 1. HP: 13/13 MP: 1/1
   202 | D:1      | Reached XP level 2. HP: 15/18 MP: 2/2
   634 | D:1      | Reached XP level 3. HP: 20/23 MP: 3/3
   682 | D:1      | Reached skill level 1 in Unarmed Combat
  1157 | D:2      | Identified the scarf "Kaemuen" {repulsion, Fly rC++}
  1177 | D:2      | Identified the +6 sling of the Lost Wonders {flame, Str+3}
  1247 | D:2      | Reached skill level 1 in Maces & Flails
  1247 | D:2      | Reached XP level 4. HP: 28/28 MP: 4/4
  1339 | D:2      | Found a hide-covered altar of Uskayaw.
  1513 | D:2      | You fall into a shaft and drop 1 floor!
  1644 | D:3      | Found an opulent altar of Gozag.
  1779 | D:4      | Reached skill level 1 in Ranged Weapons
  1793 | D:4      | Reached XP level 5. HP: 15/34 MP: 5/5
  1939 | D:3      | Found a shimmering blue altar of Sif Muna.
  1939 | D:3      | Found a white marble altar of Elyvilon.
  1939 | D:3      | Found a blossoming altar of Fedhas.
  1952 | D:3      | Became a worshipper of Gozag Ym Sagoz the Greedy
  2121 | D:4      | Reached XP level 6. HP: 35/39 MP: 6/6
  3145 | D:3      | Found Awix Tosaw's Assorted Antiques.
  3923 | D:5      | Entered Level 5 of the Dungeon
  4085 | D:5      | Found a staircase to the Ecumenical Temple.
  4110 | D:5      | Reached XP level 7. HP: 45/45 MP: 7/7
  4217 | D:5      | Reached skill level 5 in Ranged Weapons
  4623 | D:5      | Reached XP level 8. HP: 41/54 MP: 8/8
  4830 | D:5      | Learned a level 3 spell: Confusing Touch
  4834 | D:5      | Learned a level 3 spell: Portal Projectile
  5232 | D:6      | Noticed Prince Ribbit
  5252 | D:6      | Reached skill level 1 in Hexes
  5349 | D:6      | Killed Prince Ribbit
  5350 | D:6      | Reached skill level 1 in Spellcasting
  5532 | D:6      | Found an ancient bone altar of Kikubaaqudgha.
  5574 | D:6      | Found a shimmering altar of Xom.
  5933 | D:6      | Learned a level 3 spell: Tukima's Dance
  5960 | D:7      | Reached XP level 9. HP: 59/59 MP: 11/11
  5983 | D:7      | Reached skill level 2 in Spellcasting
  6741 | D:7      | Reached skill level 5 in Fighting
  7245 | D:7      | Identified a scroll of acquirement
  7245 | D:7      | Acquired a manual of Fighting
  7290 | D:8      | Found a runed translucent gate.
  7291 | D:8      | Found a runed translucent gate.
  7292 | D:8      | Found a runed translucent gate.
  7305 | D:8      | Noticed Psyche
  7573 | D:8      | Reached skill level 10 in Ranged Weapons
  7573 | D:8      | Reached skill level 3 in Spellcasting
  7802 | D:8      | Found a basalt altar of Yredelemnul.
  7995 | D:8      | Reached XP level 10. HP: 58/68 MP: 15/15
  8200 | D:8      | Identified the +5 short sword of Focus {pain, Will++}
  8702 | D:8      | Reached skill level 4 in Spellcasting
  8875 | D:8      | Found Zangod Hugu's Armour Emporium.
  9011 | D:8      | Found a shadowy altar of Dithmenos.
  9115 | D:8      | Noticed GeoRichter's ghost (novice DsAE)
  9118 | D:8      | Found a viscous altar of Jiyva.
  9273 | D:8      | Noticed Maurice
  9287 | D:8      | Killed Maurice
  9455 | D:8      | Killed Psyche
  9628 | D:9      | Noticed a two-headed ogre
  9628 | D:9      | Found a transporter.
  9815 | D:8      | HP: 3/68 [wight/+4 mace (7)]
 10353 | D:9      | Reached skill level 5 in Spellcasting
 10383 | D:9      | Reached XP level 11. HP: 77/77 MP: 18/18
 10388 | D:9      | Noticed zacktheperson's ghost (novice TrEE)
 10399 | D:9      | Found a transporter.
 10417 | D:9      | Noticed a red ugly thing
 11144 | D:10     | Entered Level 10 of the Dungeon
 11144 | D:10     | Noticed a two-headed ogre
 11151 | D:10     | Found a flagged portal.
 11166 | Bailey   | Entered a bailey
 11208 | Bailey   | Noticed an orc knight
 11299 | Bailey   | Noticed a soul eater
 11339 | Bailey   | Found the +9 sword of Zonguldrok {reap}
 11866 | Bailey   | Killed an orc knight
 11867 | Bailey   | Reached skill level 6 in Spellcasting
 11984 | Bailey   | Found an iron altar of Okawaru.
 12291 | D:10     | Noticed Nergalle
 12303 | D:10     | Killed Nergalle
 12543 | D:10     | Acquired the ring "Cunoph" {Ice Int+3 Dex+4}
 13380 | D:10     | Killed a two-headed ogre
 13381 | D:10     | Reached skill level 1 in Long Blades
 13499 | D:10     | Reached skill level 10 in Fighting
 13602 | D:10     | Reached XP level 12. HP: 87/87 MP: 11/22
 13676 | D:9      | Gained mutation: You are partially covered in large bone
                  | plates. (SH +4) [potion of mutation]
 13676 | D:9      | Gained mutation: Your flesh is cold resistant. (rC+)
                  | [potion of mutation]
 13676 | D:9      | Gained mutation: You are partially covered in iridescent
                  | scales. (AC +2) [potion of mutation]
 13999 | D:10     | Found a staircase to the Orcish Mines.
 14032 | D:10     | Reached skill level 7 in Spellcasting
 14032 | D:10     | Reached skill level 1 in Translocations
 14261 | D:10     | Noticed a two-headed ogre
 14276 | D:10     | Killed a two-headed ogre
 15048 | D:10     | Found a staircase to the Lair.
 15348 | Lair:1   | Entered Level 1 of the Lair of Beasts
 16255 | D:10     | Bought Qiwas's Elucidation of Flamy Mustering for 690 gold
                  | pieces
 16258 | D:10     | Learned a level 2 spell: Call Imp
 16258 | D:10     | Reached XP level 13. HP: 92/93 MP: 24/24
 16276 | Lair:1   | Learned a level 5 spell: Summon Forest
 17129 | Lair:1   | Learned a level 4 spell: Summon Lightning Spire
 17327 | Lair:2   | Reached skill level 8 in Spellcasting
 17603 | Lair:2   | Reached skill level 1 in Air Magic
 18649 | Lair:2   | Acquired the ring of Starshine {Drain rElec EV+5 Dex+5}
 19062 | Lair:3   | Found a staircase to the Snake Pit.
 19185 | Lair:3   | Got the Opusculum on Haze and the Entourage
 19374 | Lair:3   | Reached XP level 14. HP: 81/99 MP: 22/26
 19437 | Lair:3   | Found a staircase to the Shoals.
 19999 | Lair:3   | Learned a level 5 spell: Silence
 20026 | Lair:4   | Reached skill level 5 in Dodging
 20030 | Lair:5   | Entered Level 5 of the Lair of Beasts
 20369 | Lair:5   | Reached skill level 9 in Spellcasting
 20491 | Lair:5   | Found a blossoming altar of Fedhas.
 20991 | Lair:5   | Reached skill level 5 in Air Magic
 20991 | Lair:5   | Reached skill level 5 in Evocations
 21538 | Lair:5   | Found a sparkling altar of Nemelex Xobeh.
 22032 | Lair:5   | Found a burning altar of Makhleb.
 22422 | Lair:5   | Found a gateway to Hell.
 22945 | Lair:4   | Reached skill level 10 in Spellcasting
 23287 | D:10     | Bought a potion of haste for 160 gold pieces
 23287 | D:10     | Bought 2 potions of might for 128 gold pieces
 23384 | Orc:1    | Entered Level 1 of the Orcish Mines
 23850 | Orc:2    | Entered Level 2 of the Orcish Mines
 24380 | Orc:2    | Found a staircase to the Elven Halls.
 24407 | Orc:2    | Reached XP level 15. HP: 101/105 MP: 7/29
 25183 | Orc:2    | Noticed an orc warlord
 25739 | Lair:4   | Reached skill level 5 in Hexes
 25821 | Lair:4   | Reached skill level 5 in Translocations
 25833 | Lair:4   | Reached skill level 10 in Summonings
 25882 | Lair:4   | Reached skill level 11 in Spellcasting
 26839 | Lair:4   | Found a staircase to the Slime Pits.
 26839 | Lair:4   | Found a viscous altar of Jiyva.
 27008 | Lair:4   | You fall into a shaft and drop 1 floor!
 27834 | Orc:2    | Killed an orc warlord
 27835 | Orc:2    | Reached skill level 5 in Stealth
 28926 | Orc:2    | Found Neoryumi's General Store.
 28927 | Orc:2    | Found Nojaikhlu's Jewellery Boutique.
 28928 | Orc:2    | Found Ucwomp's Antique Armour Boutique.
 28928 | Orc:2    | Found Raosepop's Antique Weapon Shop.
 29100 | Orc:2    | Bought a ring of poison resistance for 300 gold pieces
 29170 | D:10     | Bought the ring "Woti" {MP+9 Dex+3} for 566 gold pieces
 29170 | D:10     | Bought the ring of Guunot {rPois Str+3} for 566 gold pieces
 29195 | D:10     | Learned a level 8 spell: Summon Horrible Things
 29777 | D:8      | Killed GeoRichter's ghost
 30283 | Shoals:1 | Entered Level 1 of the Shoals
 30293 | Shoals:1 | Reached skill level 12 in Spellcasting
 30498 | Shoals:1 | Found a runed translucent door.
 31197 | Shoals:1 | Noticed a kraken
 31217 | Shoals:1 | Killed a kraken
 31218 | Shoals:1 | Reached XP level 16. HP: 53/111 MP: 32/32
 32423 | Shoals:1 | Reached skill level 13 in Spellcasting
 32468 | Shoals:1 | Identified the +10 dire flail "Hefresap" {flame, Str+4}
 32771 | Shoals:1 | Got the Anthology of Ignition and Malisons
 33036 | Shoals:2 | Found a transporter.
 33112 | Shoals:2 | Found a transporter.
 33447 | Shoals:2 | Found a transporter.
 33454 | Shoals:2 | Found a transporter.
 33922 | Shoals:2 | HP: 3/111 [wind drake/the air (22)]
 34511 | Shoals:2 | Found a transporter.
 34515 | Shoals:2 | Found a transporter.
 34618 | Shoals:2 | Noticed a kraken
 34666 | Shoals:2 | Learned a level 4 spell: Cause Fear
 34822 | Shoals:3 | Noticed a kraken
 34834 | Shoals:3 | Reached skill level 14 in Spellcasting
 35135 | Shoals:3 | Found Henoe's Antique Weapon Shoppe.
 36284 | Shoals:4 | Entered Level 4 of the Shoals
 36716 | Shoals:4 | Identified the ring "Walek" {+Blink rC+ rCorr Int+6}
 36740 | Shoals:4 | Noticed Polyphemus
 36787 | Shoals:4 | Killed Polyphemus
 37324 | Shoals:4 | Reached XP level 17. HP: 104/117 MP: 25/35
 37334 | Shoals:4 | Reached skill level 15 in Spellcasting
 37794 | Shoals:4 | Noticed Donald
 37812 | Shoals:4 | HP: 2/117 [Donald/+0 long sword (33)]
 39579 | Shoals:4 | Killed Donald
 39699 | Shoals:4 | Got a barnacled rune of Zot
 40106 | D:10     | Bought a scroll of teleportation for 51 gold pieces
 40578 | D:11     | Identified the amulet of Jeadoc {Spirit rElec rF+ Will-}
 40582 | D:11     | Reached skill level 16 in Spellcasting
 41240 | D:11     | Noticed Lodul
 41293 | D:11     | Killed Lodul
 42203 | D:12     | Found a gate leading to a gauntlet.
 42231 | Gauntlet | Entered a Gauntlet
 42231 | Gauntlet | Found a transporter.
 42243 | Gauntlet | Found a transporter.
 42256 | Gauntlet | Found a transporter.
 42261 | Gauntlet | Found a transporter.
 42282 | Gauntlet | Found a transporter.
 42298 | Gauntlet | Found a transporter.
 42307 | Gauntlet | Found a transporter.
 42319 | Gauntlet | Found a transporter.
 42331 | Gauntlet | Found a transporter.
 42343 | Gauntlet | Found a transporter.
 42360 | Gauntlet | Found a transporter.
 42378 | Gauntlet | Found a transporter.
 42380 | Gauntlet | Found a transporter.
 42405 | Gauntlet | Found a transporter.
 42407 | Gauntlet | Found a transporter.
 42427 | Gauntlet | Found a transporter.
 42505 | Gauntlet | Found a transporter.
 42525 | Gauntlet | Found a transporter.
 43085 | Gauntlet | Identified the +4 chain mail "Nustikk" {Will+}
 43172 | Gauntlet | Identified the +1 robe "Arghux Vicsa" {Fly rC- Str+4}
 44226 | D:13     | Noticed Sonja
 44231 | D:13     | Killed Sonja
 45249 | D:14     | Paralysed by a hornet for 3 turns
 45991 | D:14     | Reached XP level 18. HP: 122/122 MP: 36/38
 46066 | D:14     | Identified the +4 battleaxe of the Owl {protect, rElec rN++
                  | Str+2 Dex-5}
 46224 | D:14     | Found a gate to the Vaults.
 46359 | D:14     | Noticed Roxanne
 46983 | D:14     | Killed Roxanne
 47218 | D:15     | Entered Level 15 of the Dungeon
 47239 | D:15     | Reached skill level 17 in Spellcasting
 47501 | D:15     | Found Xijufiff's Weapon Shoppe.
 47549 | D:15     | Found Oboreb's Armour Emporium.
 47557 | D:15     | Found Jidgholo's Antique Armour Shop.
 48276 | D:15     | Found a white marble altar of Elyvilon.
 48645 | D:15     | Found a staircase to the Depths.
 49242 | D:10     | Bought a scroll of teleportation for 57 gold pieces
 49242 | D:10     | Bought a scroll of teleportation for 57 gold pieces
 49242 | D:10     | Bought a scroll of teleportation for 57 gold pieces
 49242 | D:10     | Bought a scroll of teleportation for 57 gold pieces
 49308 | Snake:1  | Entered Level 1 of the Snake Pit
 49673 | Snake:1  | Found an iron altar of Okawaru.
 49863 | Snake:1  | Reached skill level 15 in Summonings
 50610 | Snake:1  | Noticed Agnes
 50627 | Snake:1  | Killed Agnes
 50925 | Snake:1  | Paralysed by a naga for 5 turns
 51070 | Snake:1  | You fall into a shaft and drop 1 floor!
 51070 | Snake:2  | Noticed Aizul
 51300 | Snake:2  | Identified the +2 robe "Xaaw" {rC+ rCorr Int+3}
 51489 | Snake:2  | Reached skill level 18 in Spellcasting
 52090 | Snake:2  | Killed Aizul
 52636 | Snake:2  | Reached XP level 19. HP: 127/127 MP: 38/41
 55717 | Snake:3  | Found Yhoziewk's Antique Weapon Emporium.
 56705 | Snake:4  | Entered Level 4 of the Snake Pit
 56712 | Snake:4  | Reached skill level 19 in Spellcasting
 59756 | Snake:4  | Reached XP level 20. HP: 69/134 MP: 24/43
 60319 | Snake:4  | Got a serpentine rune of Zot
 60525 | Snake:4  | Acquired 477 gold pieces
 60559 | Snake:4  | Learned a level 9 spell: Dragon's Call
 60808 | Elf:1    | Entered Level 1 of the Elven Halls
 61742 | Elf:1    | Noticed Louise
 61759 | Elf:1    | Killed Louise
 61886 | Elf:1    | Reached skill level 20 in Spellcasting
 63312 | Abyss:3  | Cast into level 3 of the Abyss (a wizard)
 63324 | Elf:1    | Escaped the Abyss
 64111 | Elf:2    | Got Toutud's Parchment of Dhcmrlchtdj
 64127 | Elf:2    | Got Sif Muna's Volume of Axaxaxas mlö
 64374 | Elf:2    | Found a runed translucent gate.
 64378 | Elf:2    | Found a runed translucent gate.
 64378 | Elf:2    | Found a runed translucent gate.
 64522 | Elf:2    | Got Ts'ui Pên's Grimoire of Forking Paths
 65020 | Elf:2    | Learned a level 3 spell: Inner Flame
 65379 | Elf:2    | Noticed Azrael
 65402 | Elf:2    | Killed Azrael
 65978 | Elf:2    | Noticed Jorgrun
 65984 | Elf:2    | Killed Jorgrun
 66995 | Elf:3    | Entered Level 3 of the Elven Halls
 67007 | Elf:3    | Upgraded the game from 0.30.1 to 0.30.1-1-g62c8e00024
 67411 | Elf:3    | Reached XP level 21. HP: 139/139 MP: 39/45
 67557 | Elf:3    | Reached skill level 21 in Spellcasting
 68587 | Elf:3    | Identified the +11 plate armour "Micwange" {Contam +Blink
                  | rCorr}
 68587 | Elf:3    | Identified the amulet "Qyret" {RegenMP rPois rF+ Dex+3}
 69054 | Elf:3    | Identified the +1 robe of Kikubaaqudgha's Esteem {rElec
                  | Str+2 Int+3}
 69350 | Elf:3    | Identified the +5 dagger of Nadoups {holy, Dex+4}
 69456 | Elf:3    | Identified the staff of cold "Doesatt" {rElec rC+ Dex+3}
 69521 | Elf:3    | Learned a level 7 spell: Malign Gateway
 70346 | Slime:1  | Entered Level 1 of the Pits of Slime
 70551 | Slime:1  | Gained mutation: You occasionally lose the ability to read
                  | scrolls when taking damage. [a shining eye]
 70553 | Slime:1  | Gained mutation: You are vulnerable to heat. (rF-) [a
                  | shining eye]
 70957 | Slime:2  | Noticed Dissolution
 70965 | Slime:2  | Killed Dissolution
 71174 | Slime:2  | Gained mutation: You are weak. (Str -2) [a shining eye]
 71477 | Slime:3  | You fall into a shaft and drop 1 floor!
 71861 | Slime:4  | Gained mutation: You sometimes lose the ability to read
                  | scrolls when taking damage. [a shining eye]
 71870 | Slime:4  | Paralysed by a floating eye for 2 turns
 71872 | Slime:4  | Gained mutation: Your spells are a little easier to cast,
                  | but a little less powerful. [a shining eye]
 72225 | Slime:5  | Entered Level 5 of the Pits of Slime
 72709 | Slime:2  | HP: 4/139 [very large slime creature (15)]
 72711 | Slime:2  | Slain by a slime creature

Illustrated notes

Levels and vault maps discovered:
D:1:      lemuel_arrival_tunnels, layout_loops_ring
D:2:      layout_loops_corners, basic_altar, minmay_lizard_pond
D:3:      layout_basic, nicolae_overflow_hidden_temple, serial_shops,
          nicolae_shop_tiny_real_fake_doors, minivault_4
D:4:      nicolae_BIG_FREAKIN_CUBE, layout_basic, hangedman_feature_mirror
D:5:      layout_gridville, minmay_temple_entry_slanted
D:6:      layout_basic, mainiacjoe_overflow_two_lobes, dk_vineyard_1,
          uniq_prince_ribbit1
D:7:      layout_layer_cave
D:8:      minmay_angry_zag, layout_basic, grunt_dithmenos_shadows,
          nicolae_yredelemnul_corpse_copse, serial_shops, kennysheep_mini_moat,
          gammafunk_ghost_ooze, amcnicky_mini_pool_small,
          minmay_fire_ice_demons, uniq_psyche, uniq_maurice
D:9:      layout_rooms, nzn_ghost_randoct
D:10:     layout_roguey [special_room_kobold], erik_lair_dragon, erik_orc_4,
          enter_bailey_2, minmay_lizard_king, uniq_nergalle
D:11:     minmay_the_grid_3x3 [minmay_the_grid_doors, minmay_the_grid_garden,
          minmay_the_grid_minigrid_small_alt, minmay_the_grid_slots,
          minmay_the_grid_tri_star, minmay_the_grid_all_tris,
          minmay_the_grid_fan, minmay_the_grid_zigzag_pyramid,
          minmay_the_grid_prize_inner_circle], layout_cave_pods, uniq_lodul
D:12:     wander_river, layout_irregular_city, gauntlet_entry_generic
D:13:     layout_loops_corners, uniq_sonja
D:14:     layout_basic, grunt_vaults_entry_fortified, kennysheep_cross_landing,
          uniq_roxanne
D:15:     grunt_enter_depths_magical_seal, layout_cave_pods, serial_shops,
          nicolae_shop_mannequins, shop, shop, serial_bayou_pond_c, st_stairs_8,
          nicolae_elyvilon_temple_path
Lair:1:   layout_regular_city
Lair:2:   layout_chaotic_city, serial_rivers, chequers_serial_rivers_micro_d,
          chequers_serial_rivers_small_b, chequers_serial_rivers_room_b,
          chequers_serial_rivers_micro_c, chequers_serial_rivers_room_b,
          nicolae_lair_lindhole, infiniplex_staircase_pool_2
Lair:3:   layout_cave_pods, nicolae_shoals_entry_roost,
          guppyfry_snake_entry_garden, kennysheep_rathole
Lair:4:   pond_and_an_island_with_a_cottage, layout_gridlike, slime_entry_1,
          beast_lair_carwin_10
Lair:5:   evil_forest, layout_long_grid, basic_altar, lemuel_oklob_altar,
          serial_bayou_shore_b
Shoals:1: layout_shoals, portal_ice_cave_entry_pillars_three, lightli_airlock
Shoals:2: layout_shoals, serial_nicolae_subway, nicolae_sub_station_stone,
          nicolae_sub_station_metal, nicolae_sub_station_crystal
Shoals:3: layout_shoals, serial_shops, shop, yaktaur_hedge
Shoals:4: shoals_end_simple, layout_shoals, uniq_polyphemus, uniq_donald
Snake:1:  layout_onion, basic_altar, nicolae_snake_squiggles,
          grunt_megastairs_2, uniq_agnes
Snake:2:  layout_gridlike, grunt_megastairs_5, uniq_aizul
Snake:3:  layout_gridlike, serial_shops, shop, serial_bayou,
          serial_bayou_ford_a, serial_bayou_shore_a, serial_bayou_pond_e,
          serial_bayou_pond_e, nicolae_snake_ghostly_warrior_ritual
Snake:4:  grunt_snake_rune_serpentine_throne, layout_onion
Slime:1:  layout_caves
Slime:2:  layout_caves, dissolution_awaits
Slime:3:  layout_caves
Slime:4:  layout_caves, nicolae_slime_welcoming_committee
Slime:5
Orc:1:    layout_diamond_mine
Orc:2:    st_orc_congregation, layout_diamond_mine
Elf:1:    eino_elf_arrival_customs, layout_geoelf_diagonals,
          hangedman_elven_crosses_minicolossus, hangedman_corner_corridor,
          uniq_louise
Elf:2:    nicolae_elf_blades_splatter_lattice
          [nicolae_blade_entry_area_security], layout_geoelf_diagonals,
          drop_trap, bh_hangedman_babel_library, uniq_jorgrun, uniq_azrael
Elf:3:    minmay_elf_hall_circle, layout_loops_cross,
          nicolae_elf_variegated_diamond

Skill      XL: |  1  2  3  4  5  6  7  8  9 10 11 12 13 14 15 16 17 18 19 20 21 |
---------------+----------------------------------------------------------------+-----
Evocations     | 4 5 |  5.9
Unarmed Combat | 1 2 |  2.6
Maces & Flails | 1 |  1.1
Ranged Weapons | 2 3 4 6 8 10 12 13 14 | 14.2
Fighting       | 2 3 4 6 8 10 | 10.9
Hexes          | 2 3 4 5 6 7 8 9 |  9.3
Spellcasting   | 1 3 5 6 7 8 10 12 14 16 18 19 20 21 | 21.9
Dodging        | 3 4 7 8 9 |  9.6
Stealth        | 2 3 4 5 6 7 |  7.0
Long Blades    | 1 2 |  2.0
Translocations | 2 3 4 5 |  5.8
Summonings     | 8 9 11 12 13 15 17 18 19 | 19.4
Air Magic      | 2 5 6 |  6.4
Shields        | |  0.6

Action                     |  1- 3 |  4- 6 |  7- 9 | 10-12 | 13-15 | 16-18 | 19-21 || total
---------------------------+-------+-------+-------+-------+-------+-------+-------++-------
  Melee: Unarmed           |    92 |       |       |       |       |       |       ||    92
         Club              |    11 |       |       |       |       |       |       ||    11
         Constrict         |    27 |       |       |     9 |     1 |       |     1 ||    38
         Tentacles         |    17 |       |       |     8 |     2 |       |     5 ||    32
         Punch             |     2 |       |       |     2 |       |       |       ||     4
         Double sword      |       |       |       |    29 |     5 |       |     2 ||    36
         Sling             |       |       |       |       |       |       |    12 ||    12
   Fire: Sling             |     5 |   116 |   306 |   917 |  1344 |  1857 |  1209 ||  5754
   Cast: Portal Projectile |       |       |     1 |    39 |    69 |   152 |   142 ||   403
         Summon Lightning  |       |       |       |       |    74 |   186 |   170 ||   430
         Call Imp          |       |       |       |       |    15 |    13 |    19 ||    47
         Summon Forest     |       |       |       |       |    35 |    48 |     8 ||    91
         Silence           |       |       |       |       |     1 |     1 |     3 ||     5
         Confusing Touch   |       |       |       |       |       |     1 |       ||     1
         Summon Horrible T |       |       |       |       |       |       |    81 ||    81
         Malign Gateway    |       |       |       |       |       |       |     2 ||     2
         Dragon's Call     |       |       |       |       |       |       |     1 ||     1
 Invoke: Call Merchant     |       |       |       |     3 |     2 |     3 |       ||     8
Ability: Evoke Blink       |       |       |       |       |       |     2 |     4 ||     6
  Evoke: Wand              |       |     1 |     7 |    24 |    19 |     6 |     7 ||    64
         Lightning rod     |       |       |       |       |     2 |     2 |       ||     4
         Phantom mirror    |       |       |       |       |     1 |       |       ||     1
    Use: Scroll            |       |       |     5 |     8 |    19 |    18 |     4 ||    54
         Potion            |       |       |       |    10 |     3 |     7 |     2 ||    22
   Stab: Sleeping          |    10 |       |       |       |       |       |       ||    10
         Paralysed         |       |       |       |     3 |     4 |       |       ||     7
 Armour: Skin              |     7 |     1 |    35 |    57 |   104 |   133 |    78 ||   415
  Dodge: Dodged            |    56 |    17 |    75 |   228 |   440 |   672 |   487 ||  1975
  Block: Other             |       |       |       |     7 |    86 |       |    58 ||   151
         Orb               |       |       |       |       |    10 |   107 |     3 ||   120
         Reflection        |       |       |       |       |       |     3 |     5 ||     8
